woodfighter, chaotic female orcish Cavewoman ----- |... @@ @ @ @ --A.--------- ... --@@.|.......|A ......---.@.@|.......| A JJ....A.P....A-..@@...| `.)%...---....|.......| ..%%...- --A..|...D.X.| ---|--- --..--------- -------...| |... A A |....%....| ----- --...------- --....| -...--- ....| ---- woodfighter the Cave God Experience level: 30 Strength: 25 Dexterity: 18 Constitution: 18 Intelligence: 15 Wisdom: 11 Charisma: 13 Health: 186(208) Energy: 99(99) Def: 56 Gold: 0 Moves: 47268 Dungeon seed: Ze9kiMXsNkLP4BUR Game ID: woodfighter_1476708017 Your Inventory: Amulets T - a blessed amulet of life saving (being worn) X - a blessed greased rustproof amulet of flying Weapons a - the blessed fireproof +6 Big Stick (weapon in hand) H - 5 blessed rustproof +7 dwarvish spears (in quiver) Armor n - a blessed fireproof +4 pair of speed boots (being worn) r - a blessed +4 Hawaiian shirt (being worn) z - a blessed +5 helm of telepathy (being worn) D - an uncursed thoroughly rusty corroded +5 pair of gauntlets of power (being worn) M - an uncursed +4 shield of reflection (being worn) N - an uncursed greased +4 gray dragon scale mail (being worn) Y - a blessed very burnt +4 cloak of protection (being worn) Comestibles Z - a blessed lizard corpse Potions G - 3 uncursed potions of full healing Rings t - a blessed ring of regeneration (on left hand) Q - a blessed ring of free action (on right hand) Wands d - a blessed wand of fire (0:6) f - a blessed rustproof wand of digging (0:0) g - a blessed wand of death named orcus (1:5) h - a wand of teleportation (0:6) Tools b - a blessed stethoscope l - an uncursed brass lantern (lit) (0:181) q - a blessed +0 unicorn horn s - a blessed bag of holding y - a blessed skeleton key V - the blessed greased rustproof Master Key of Thievery W - a blessed towel Gems e - a blessed luckstone Contents of the bag of holding: an uncursed amulet of life saving an uncursed amulet of life saving a cursed -2 helm of opposite alignment an uncursed +0 mummy wrapping 11 blessed K-rations 4 blessed cram rations 6 uncursed eggs 2 blessed lembas wafers 4 blessed lizard corpses 10 blessed scrolls of blank paper 10 uncursed scrolls of blank paper a blessed scroll of charging 2 blessed scrolls of gold detection 4 blessed scrolls of remove curse 2 blessed scrolls of wishing 20 blessed diluted potions of full healing 2 uncursed potions of confusion 7 blessed potions of full healing 4 potions of holy water an uncursed potion of oil a wand of digging (0:6) a wand of digging (0:6) a wand of digging (0:5) a wand of digging (0:5) a wand of digging (0:5) a wand of digging (0:4) a wand of digging (0:4) a wand of fire (0:8) a wand of fire (0:4) a wand of teleportation (0:8) a wand of teleportation (0:7) a magic marker (0:5) a magic marker (0:1) a blessed oil lamp (0:1102) a blessed oil lamp [0:703] an uncursed [+0] pick-axe a blessed +0 unicorn horn a +0 unicorn horn a +0 unicorn horn a +0 unicorn horn a -2 unicorn horn Spells and supernatural/magical abilities: Name Level Category Fail Memory l - light 1* divination 100% 0% W - pray for help -- divine ? -- Your skills at the end: Miscellaneous Skills bare handed combat [Basic] shield [Skilled] wands [Basic] stealth [Skilled] Weapon Skills scimitar [Basic] club [Expert] spear [Expert] sling [Basic] Spellcasting Skills Final Attributes: You were piously aligned. You were fire resistant. You were cold resistant. You were sleep resistant. You were disintegration-resistant. You were shock resistant. You were poison resistant. You were magic-protected. You saw invisible. You were telepathic. You were warned. You had infravision. You were invisible to others. You were stealthy. You had teleport control. You regenerated. You were protected. You were very fast. You had reflection. You had free action. Your life would have been saved. You were extremely lucky. You had extra luck. Good luck did not time out for you. You survived after being killed once. Vanquished creatures: Baalzebub Orcus Yeenoghu Juiblex The Wizard of Yendor (thrice) Famine a high priest 4 mammoths Vlad the Impaler Medusa 20 krakens 5 elder orange dragons 3 iron golems a gray dragon 2 silver dragons 2 red dragons 3 white dragons 8 orange dragons 10 black dragons 4 blue dragons 2 green dragons 2 yellow dragons 2 storm giants 3 titans 10 deep ettins 3 glass golems 10 balrogs The Great Fierce Beast 10 purple worms 15 minotaurs 10 jabberwocks 6 baluchitheria 2 young gray dragons a young silver dragon 7 young red dragons 5 young white dragons 2 young orange dragons 9 young black dragons 9 young blue dragons 9 young green dragons a young yellow dragon 9 stone golems 8 Olog-hai 3 Nazgul 20 pit fiends 3 sandestins 5 hell hounds 6 titanotheres 8 trappers a baby gray dragon 2 baby silver dragons 60 baby orange dragons 2 gryphons a disenchanter 26 vampire lords 6 shades 5 skeletons 3 aligned priests 11 captains 3 liches 4 clay golems 9 nurses 18 ice devils 8 nalfeshnees 4 lurkers above an Aleax 3 black puddings 24 vampires 30 ghosts 2 ettins 9 lieutenants a queen bee 4 winged gargoyles 14 giant mimics 2 fire giants 2 ogre kings 4 Elvenkings 11 ice trolls 7 rock trolls 12 umber hulks 4 flesh golems 3 doppelgangers 31 hezrous 21 bone devils 5 salamanders 10 large mimics 3 wumpuses 4 fire vortices a baby long worm 6 long worms 3 couatls 14 stalkers 2 air elementals 11 fire elementals 5 earth elementals 3 water elementals 21 hill giants 2 giant mummies 3 black nagas 28 elf-lords 6 xorns 21 giant zombies 9 sergeants 28 vrocks 22 wargs 3 winter wolves 6 hell hound pups 8 quantum mechanics 10 small mimics 4 island nymphs 4 glass piercers 6 warhorses 5 steam vortices 12 xans 6 ettin mummies 4 ogre lords 16 trolls 2 sasquatches 5 wood golems 10 mariliths a djinni 4 sharks 13 electric eels 3 pyrolisks 4 freezing spheres 7 flaming spheres 2 shocking spheres a large cat 8 tigers 9 gargoyles a dwarf king 3 tengu 10 gelatinous cubes 6 ochre jellies 3 crocodiles 6 chameleons 11 leocrottas 2 energy vortices 8 mountain centaurs 9 giants 4 elf mummies 7 human mummies a red naga 2 green slimes 17 Grey-elves 2 pit vipers 6 pythons 7 cobras 52 wraiths 13 ettin zombies 3 leather golems 25 soldiers 15 succubi 19 incubi 5 giant beetles 34 cockatrices 7 wolves a winter wolf cub 8 black lights 4 lynxes 2 panthers 4 gremlins 5 leprechauns 10 quivering blobs a spotted jelly 11 lizards 9 mountain nymphs 2 orc-captains 2 mumakil 11 giant spiders 7 scorpions 5 iron piercers 7 horses 11 vampire bats 6 forest centaurs 4 gnome kings an orc mummy 6 dwarf mummies 8 ogres 4 brown puddings 7 Green-elves 5 rust monsters 7 owlbears 10 yetis a gold golem 10 werewolves 8 piranhas 15 giant eels a neanderthal 5 chickatrices 4 dogs 5 dingos 9 jaguars 9 dwarf lords 7 blue jellies 4 water nymphs 4 white unicorns 3 gray unicorns 8 dust vortices 5 ravens 9 plains centaurs 2 gnome mummies 12 Woodland-elves 5 snakes 15 apes 29 human zombies 4 rope golems 10 soldier ants 6 fire ants 10 yellow lights 73 bugbears an imp 8 wood nymphs 10 Mordor orcs 12 Uruk-hai 2 orc shamans 5 rock moles 3 rock piercers 5 ponies 4 fog clouds 5 shriekers 5 violet fungi 24 gnome lords 6 gnomish wizards 4 kobold mummies 4 red naga hatchlings a black naga hatchling a golden naga hatchling 2 guardian naga hatchlings 5 gray oozes 7 barrow wights 13 elf zombies 11 ghouls 3 straw golems 2 paper golems 9 jellyfish 7 giant ants 5 puppies 6 floating eyes 3 kittens 23 dwarves 2 homunculi a quasit 4 kobold lords 3 kobold shamans 6 iguanas 17 hill orcs 14 rothes 6 centipedes 10 jitterbugs 4 giant bats 2 monkeys 17 orc zombies 17 dwarf zombies 4 wererats 6 werejackals 25 killer bees 12 coyotes 3 gas spores 7 hobbits 3 acid blobs 4 large kobolds 6 geckos 25 hobgoblins 9 giant rats 3 cave spiders 3 brown molds 5 yellow molds 3 green molds 4 red molds 53 gnomes 3 garter snakes 17 manes 12 gnome zombies 10 jackals 6 foxes 10 kobolds 15 newts 11 goblins 13 sewer rats 15 grid bugs a bat 8 lichens 19 kobold zombies 2285 creatures vanquished. Genocided species: hobbits dwarves bugbears dwarf lords dwarf kings quantum mechanics mind flayers master mind flayers wood nymphs water nymphs mountain nymphs island nymphs liches demiliches master liches arch-liches rust monsters disenchanters jellyfish piranhas sharks giant eels electric eels krakens 24 species genocided. Voluntary challenges: You did not cause conflict. You used a wielded weapon 5318 times, starting on turn 57. You did not use plumbed fixtures. You read items or engraved 91 times, starting on turn 1086. You genocided 24 types of monsters, starting on turn 33815. You never polymorphed an object. You never changed form. You cheated 2 times but completed Sokoban on turn 10433. You used 4 wishes, starting on turn 12218. You wished for your your first artifact on turn 14232. You never split a pudding. You wrote Elbereth's name 1 time, starting on turn 15090. You violated your moral code, losing 9 points of alignment, starting on turn 34479. Dungeon overview: The Dungeons of Doom: levels 1 to 29 Level 1 (l) stairs to The Elemental Planes Level 2 a fountain Level 3 an altar to Anshar, some fountains Level 4 an armor shop, an altar to Anu, a fountain stairs to The Gnomish Mines Level 5 many fountains Level 6 an altar to Anshar stairs to Sokoban Level 7 an altar to Ishtar Level 8 (w) a fountain Level 9 Level 10 Level 11 Level 12 (quest) portal to The Quest Level 13 a fountain Level 14 Level 15 Level 16 Level 17 a sink Level 18 (rogue) Level 19 (Orange Dragon Hall) Level 20 some fountains Level 21 Level 22 Level 23 (medusa) Level 24 Level 25 Level 26 Level 27 Level 28 a fountain Level 29 (castle?) a magic chest, some fountains, some trees Gehennom: levels 30 to 58 Level 30 a temple to Moloch, a magic chest stairs to The Dungeons of Doom Level 31 Level 32 Level 33 Level 34 (Baalzebub) a magic chest Level 35 Level 36 Level 37 (Juiblex) a fountain Level 38 Level 39 Level 40 (yeenoghu) a magic chest Level 41 Level 42 Level 43 Level 44 (Orcus) some shops, an altar to Moloch, a magic chest, a fountain stairs to Vlad's Tower Level 45 Level 46 Level 47 (wizzard) an altar to Moloch, a magic chest Level 48 Level 49 portal to Gehennom Level 50 Level 51 Level 52 Level 53 Level 54 Level 55 Level 56 portal to Gehennom Level 57 Level 58 The Gnomish Mines: levels 5 to 12 Level 5 stairs to The Dungeons of Doom Level 6 Level 7 many shops, a temple to Anshar, a magic chest, some trees Level 8 Level 9 Level 10 Level 11 Level 12 many altars to Moloch, a magic chest, some fountains The Quest: levels 1 to 5 Level 1 an altar to Anshar, a magic chest portal to The Dungeons of Doom Level 2 Level 3 Level 4 Level 5 Sokoban: levels 2 to 5 Level 2 a magic chest Level 3 Level 4 Level 5 a magic chest stairs to The Dungeons of Doom Vlad's Tower: levels 41 to 43 Level 41 Level 42 an altar to Moloch Level 43 stairs to Gehennom The Elemental Planes: Astral Plane <- You were here a high altar Plane 4 portal to The Elemental Planes Plane 3 portal to The Elemental Planes Plane 2 portal to The Elemental Planes Plane 1 portal to The Elemental Planes History has recorded: On T:1 you entered the Dungeons of Doom to retrieve the Amulet of Yendor! On T:245 you reached level 2 of The Dungeons of Doom. On T:247 you advanced to experience level 2. On T:550 you reached level 3 of The Dungeons of Doom. On T:746 you advanced to experience level 3. On T:959 you reached level 4 of The Dungeons of Doom. On T:963 you reached level 5 of The Dungeons of Doom. On T:1279 you advanced to experience level 4. On T:1453 you reached level 1 of The Gnomish Mines. On T:1558 you advanced to experience level 5. On T:2027 you reached level 2 of The Gnomish Mines. On T:2355 you advanced to experience level 6. On T:2836 you reached level 3 of The Gnomish Mines. On T:2873 you reached level 4 of The Gnomish Mines. On T:3095 you advanced to experience level 7. On T:3197 you entered the Minetown temple On T:3231 you opened a magic chest. On T:3898 you advanced to experience level 8. On T:4005 you reached level 5 of The Gnomish Mines. On T:4753 you reached level 6 of The Gnomish Mines. On T:5187 you reached level 7 of The Gnomish Mines. On T:5487 you reached level 8 of The Gnomish Mines. On T:5487 you reached the bottom of the Mines. On T:5659 you advanced to experience level 9. On T:7154 you reached level 6 of The Dungeons of Doom. On T:7203 you reached level 7 of The Dungeons of Doom. On T:7438 you reached level 4 of Sokoban. On T:7842 you reached level 3 of Sokoban. On T:8031 you reached level 2 of Sokoban. On T:8838 you reached level 1 of Sokoban. On T:10433 you entered the Sokoban zoo. On T:10468 you prayed to Anshar. On T:11169 you reached level 8 of The Dungeons of Doom. On T:11447 you reached level 9 of The Dungeons of Doom. On T:12188 you prayed to Anshar. On T:12218 you wished for "blessed fixed greased +3 gray dragon scale mail". On T:12579 you reached level 10 of The Dungeons of Doom. On T:12749 you reached level 11 of The Dungeons of Doom. On T:12926 you reached level 12 of The Dungeons of Doom. On T:13543 you reached level 13 of The Dungeons of Doom. On T:13578 you reached level 14 of The Dungeons of Doom. On T:14112 you reached level 15 of The Dungeons of Doom. On T:14232 you wished for "blessed fixed greased master key of thievery". On T:14326 you reached level 16 of The Dungeons of Doom. On T:14870 you reached level 17 of The Dungeons of Doom. On T:14953 you advanced to experience level 10. On T:15396 you reached level 18 of The Dungeons of Doom. On T:15396 you entered the Rogue tribute level. On T:15782 you reached level 19 of The Dungeons of Doom. On T:16176 you reached level 20 of The Dungeons of Doom. On T:16374 you prayed to Anshar. On T:16451 you advanced to experience level 11. On T:16808 you advanced to experience level 12. On T:19424 you prayed to Anshar. On T:20115 you reached level 21 of The Dungeons of Doom. On T:20619 you reached level 22 of The Dungeons of Doom. On T:20954 you reached level 23 of The Dungeons of Doom. On T:21685 you reached level 24 of The Dungeons of Doom. On T:21699 you killed Medusa on level 24 of The Dungeons of Doom. On T:23138 you received Valerian from Anshar. On T:23231 you received Werebane from Anshar. On T:23532 you reached level 1 of The Quest. On T:24170 you advanced to experience level 13. On T:24175 you advanced to experience level 14. On T:24208 you embarked upon an epic quest. On T:24292 you reached level 2 of The Quest. On T:24773 you reached level 3 of The Quest. On T:25149 you reached level 4 of The Quest. On T:25321 you reached level 5 of The Quest. On T:25725 you killed Great Fierce Beast on level 1 of The Quest. On T:25928 you completed the quest! On T:27693 you reached level 25 of The Dungeons of Doom. On T:27734 you reached level 26 of The Dungeons of Doom. On T:28906 you reached level 27 of The Dungeons of Doom. On T:29459 you reached level 28 of The Dungeons of Doom. On T:30904 you reached The Castle. On T:32508 you reached The Valley of the Dead. On T:32712 you prayed to Anshar. On T:33228 you advanced to experience level 15. On T:33664 you reached level 2 of Gehennom. On T:33858 you wished for "+3 blessed greased fixed speed boots". On T:34234 you reached level 3 of Gehennom. On T:34764 you reached level 4 of Gehennom. On T:35021 you reached level 5 of Gehennom. On T:35384 you reached level 6 of Gehennom. On T:35746 you killed Baalzebub on level 5 of Gehennom. On T:36267 you reached level 7 of Gehennom. On T:36539 you reached level 8 of Gehennom. On T:36989 you reached level 9 of Gehennom. On T:37076 you killed Juiblex on level 8 of Gehennom. On T:37232 you were saved from death by your amulet of life saving! On T:37289 you advanced to experience level 16. On T:37851 you reached level 10 of Gehennom. On T:38107 you reached level 11 of Gehennom. On T:38518 you killed Yeenoghu on level 9 of Gehennom. On T:38703 you reached level 12 of Gehennom. On T:38711 you reached level 13 of Gehennom. On T:39071 you advanced to experience level 17. On T:39482 you reached level 14 of Gehennom. On T:39839 you reached level 15 of Gehennom. On T:39907 you reached level 3 of Vlad's Tower. On T:40088 you reached level 2 of Vlad's Tower. On T:40209 you reached level 1 of Vlad's Tower. On T:40332 you killed Vlad the Impaler on level 1 of Vlad's Tower. On T:40531 you advanced to experience level 18. On T:41407 you killed Orcus on level 14 of Gehennom. On T:41612 you reached level 16 of Gehennom. On T:42060 you reached level 17 of Gehennom. On T:42254 you reached level 18 of Gehennom. On T:42365 you reached level 19 of Gehennom. On T:42689 you reached level 20 of Gehennom. On T:42951 you reached level 21 of Gehennom. On T:42994 you reached level 22 of Gehennom. On T:43343 you reached level 28 of Gehennom. On T:43520 you reached level 27 of Gehennom. On T:44510 you wished for "blessed fixed greased amulet of flying". On T:44738 you reached level 26 of Gehennom. On T:44814 you reached level 25 of Gehennom. On T:45077 you reached level 24 of Gehennom. On T:45244 you reached level 23 of Gehennom. On T:45772 you advanced to experience level 19. On T:45773 you advanced to experience level 20. On T:45774 you advanced to experience level 21. On T:45774 you advanced to experience level 22. On T:45775 you advanced to experience level 23. On T:45775 you advanced to experience level 24. On T:45776 you advanced to experience level 25. On T:45776 you advanced to experience level 26. On T:45777 you advanced to experience level 27. On T:45777 you advanced to experience level 28. On T:45778 you advanced to experience level 29. On T:45778 you advanced to experience level 30. On T:45969 you killed Wizard of Yendor on level 18 of Gehennom. On T:46010 you performed the invocation. On T:46090 you killed high priestess of Moloch on level 29 of Gehennom. On T:46091 you gained the Amulet of Yendor! On T:46989 you killed Wizard of Yendor on level 13 of The Dungeons of Doom. On T:47130 you reached the Plane of Earth. On T:47130 you killed Wizard of Yendor on the Plane of Earth. On T:47159 you reached the Plane of Air. On T:47186 you reached the Plane of Fire. On T:47199 you reached the Plane of Water. On T:47231 you reached the Astral Plane. On T:47246 you killed Famine on the Astral Plane. On T:47268 you lost the Amulet of Yendor. On T:47268 you offered the Amulet of Yendor to Anshar and ascended to the status of Demigoddess! Score breakdown: Gold: 0 ( 0 points) Experience: 30 levels ( 2000 points) Exploration: 58 levels ( 2000 points) Discoveries: 119 items ( 2000 points) Variety of kills: 284 monsters ( 2000 points) Major goal: ascended ( 5000 points) Ascension bonuses Valuables value: 600 ( 60 points) Artifacts: 2 ( 2000 points) Speed bonus: 47268 turns ( 2636 points) Conduct bonus: 3 conducts ( 5000 points) Survival: ascended (score multiplied by 10) Total score: 226960 Latest messages: The priest of Ishtar seems more experienced. Your lamp is now on. The door opens. Famine zaps a wand of striking! The wand hits the captain! The high priest of Anshar drinks a potion of gain level! The high priest of Anshar seems more experienced. The door closes. The door opens. The high priest intones: "Pilgrim, you enter a sacred place!" Famine zaps a wand of striking! The wand hits the captain! The Angel of Anu hurls a potion of acid! The jar crashes on your head and breaks into shards. This burns! Famine zaps a wand of striking! The guardian Angel of Anshar casts a spell at something! Something is hit by a shower of missiles! You offer the Amulet of Yendor to Anshar... An invisible choir sings, and you are bathed in radiance... The voice of Anshar thunders: "Congratulations, mortal!" "In return for thy service, I grant thee the gift of Immortality!" You ascend to the status of Demigoddess... Final status: Goodbye woodfighter the Demigoddess, ascended... You went to your reward with 226960 points, Big Stick (worth 2500 zorkmids) The Master Key of Thievery (worth 3500 zorkmids) 3 amulets of life saving (worth 450 zorkmids), 1 amulet of flying (worth 150 zorkmids), and 0 pieces of gold, after 47268 moves. You were level 30 with a maximum of 208 hit points when you ascended.